[Event "*** SCC Grand Prix: Titled Tuesday Blitz"]
[Site "Chess.com"]
[Date "2020.09.29"]
[Round "3"]
[White "aNaartjieZA"]
[Black "Teidi96"]
[Result "1-0"]
[WhiteElo "2518"]
[BlackElo "2312"]
[TimeControl "180+1"]
[EndTime "10:27:14 PDT"]
[Termination "aNaartjieZA won by resignation"]

1. e4 c5 2. Nf3 e6 3. d3 Nc6 4. g3 d5 5. Nbd2 dxe4 6. dxe4 Nf6 7. Bg2 Be7 8. O-O e5 9. c3 Qc7 10. Qe2 O-O 11. Nc4 h6 12. Nh4 Bg4 13. Qc2 Be6 14. Ne3 Rfe8 15. Nef5 Bf8 16. h3 Rad8 17. Ne3 Qd7 18.
Kh2 a6 19. f4 exf4 20. gxf4 Qd3 21. e5 Qxc2 22. Nxc2 Nd5 23. Be4 Be7 24. Ng2 g6 25. Nce3 Nxe3 26. Bxe3 Bd5 27. Bxd5 Rxd5 28. Rad1 Red8 29.
Rxd5 Rxd5 30. Kg3 Kg7 31. Kf3 b5 32. Ke4 Rd8 33. f5 Bg5 34. Bxc5 Rd2 35. f6+ Kh7 36. Rf2 Rxf2 37. Bxf2 Bc1 38. b3 Bb2 39. Bd4 b4 40. e6 bxc3 41. e7 Nxe7 42. fxe7 1-0

[Event "*** SCC Grand Prix: Titled Tuesday Blitz"]
[Site "Chess.com"]
[Date "2020.09.29"]
[Round "3"]
[White "banane_verte"]
[Black "ViktoriyaTarasova"]
[Result "1-0"]
[WhiteElo "2487"]
[BlackElo "2268"]
[TimeControl "180+1"]
[EndTime "10:27:14 PDT"]
[Termination "banane_verte won by resignation"]

1. e4 c5 2. Nc3 d6 3. d4 cxd4 4. Qxd4 Nf6 5. Bg5 Nc6 6. Bb5 Bd7 7. Bxc6 Bxc6 8. Nf3 e6 9. O-O-O Be7 10. Bxf6 Bxf6 11. Qxd6 Qxd6 12. Rxd6 Bxc3 13. bxc3 Bxe4 14. Ne5 O-O 15. f3 Bg6 16. Rd7 Rab8 17. Rhd1 Rfc8 18. Kb2 f6 19. Nxg6 hxg6 20. Re7 Re8 21. Rc7 Rec8 22. Rdd7 Rxc7 23. Rxc7 a5 24. c4 b6 25. Kc3 e5 26.
c5 bxc5 27. Rxc5 a4 28. Ra5 Rc8+ 29. Kd3 Rd8+ 30. Ke2 Rc8 31. Kd2 Rd8+ 32. Kc1 Rd4 33. c3 Rc4 34. Kd2 Kf7 35. Kd3 Rh4 36. Ra7+ Ke6 37. Rxg7 g5 38. h3 Kf5 39. Rf7 Kf4 40. Rxf6+ Kg3 41. Rf5 Kxg2 42. Rxg5+ Kxf3 43. Rxe5 Kf2 44.
Re3 Rh8 45. Re2+ Kf1 46. Rh2 Rd8+ 47. Kc2 Rb8 48. h4 a3 49. Kd3 Rd8+ 50. Kc4 Rc8+ 51.
Kb3 Kg1 52. Rd2 Rh8 53. Kxa3 Rxh4 54. Re2 Kf1 55. Re8 Rc4 56. Kb3 Rc7 57. a4 Kf2 58. c4 Kf3 59. Kb4 Rb7+ 60. Kc5 Rc7+ 61. Kb5 Rb7+ 62. Kc6 Rb4 63. c5 Rxa4 64. Kd7 Rd4+ 65.
Kc7 Kf4 66. c6 Kf5 67. Kc8 Kf6 68. c7 Kf7 69. Re1 Rd2 70. Rb1 Ke7 71. Kb7 1-0

[Event "*** SCC Grand Prix: Titled Tuesday Blitz"]
[Site "Chess.com"]
[Date "2020.09.29"]
[Round "3"]
[White "Moultino06"]
[Black "gagtemp"]
[Result "1-0"]
[WhiteElo "2669"]
[BlackElo "1968"]
[TimeControl "180+1"]
[EndTime "10:27:15 PDT"]
[Termination "Moultino06 won on time"]

1. a3 c5 2. Nc3 e6 3. e4 d5 4.
exd5 exd5 5. d4 Nf6 6. Nf3 Nc6 7.
Be2 cxd4 8. Nxd4 Bc5 9. Nb3 Bb6 10. O-O O-O 11. Bg5 Be6 12. Bf3 d4 13. Ne4 Kh8 14.
Qc1 Ne5 15. Qf4 Nxf3+ 16. Qxf3 Qd5 17. Bxf6 gxf6 18. Qxf6+ Kg8 19. Qf4 Qf5 20. Qh4 d3 21.
Qg3+ Qg6 22. Qxd3 Rad8 23. Qf3 Bf5 24. Rfe1 a5 25. Nbc5 Bxc5 26. Nxc5 b6 27. Ne4 Kh8 28. Qc3+ Kg8 29. Nf6+ 1-0

[Event "*** SCC Grand Prix: Titled Tuesday Blitz"]
[Site "Chess.com"]
[Date "2020.09.29"]
[Round "3"]
[White "Ginger_GM"]
[Black "ram1zan"]
[Result "1-0"]
[WhiteElo "2699"]
[BlackElo "2914"]
[TimeControl "180+1"]
[EndTime "10:27:16 PDT"]
[Termination "Ginger_GM won on time"]

1. c4 e5 2. Nc3 Nc6 3. g3 Nf6 4. Bg2 Bb4 5. e4 d6 6. Nge2 Bc5 7. h3 a6 8. d3 Nd7 9. O-O Nf8 10. Kh2 Ne6 11.
f4 Ned4 12. Nxd4 Nxd4 13. f5 c6 14. Rb1 h5 15. b4 Ba7 16. Ne2 Bd7 17. Be3 a5 18. a3 axb4 19. axb4 Nxe2 20. Qxe2 Bxe3 21. Qxe3 f6 22. d4 Qe7 23. c5 O-O 24. Ra1 Rfd8 25. Rfd1 Rxa1 26. Rxa1 Be8 27. d5 1-0

[Event "*** SCC Grand Prix: Titled Tuesday Blitz"]
[Site "Chess.com"]
[Date "2020.09.29"]
[Round "3"]
[White "annacramling"]
[Black "kleopl"]
[Result "0-1"]
[WhiteElo "2029"]
[BlackElo "2458"]
[TimeControl "180+1"]
[EndTime "10:27:17 PDT"]
[Termination "kleopl won by checkmate"]

1. d4 f5 2. e4 fxe4 3. Nc3 Nf6 4.
Bg5 Nc6 5. d5 Ne5 6. Qd4 Nf7 7.
Bxf6 exf6 8. Nxe4 f5 9. Nc3 Qe7+ 10. Be2 Qe5 11. Nf3 Qxd4 12. Nxd4 g6 13. Ncb5 Kd8 14.
O-O-O a6 15. Nc3 Bg7 16. Bc4 Ne5 17. Bb3 d6 18. Rhe1 Re8 19. f4 Ng4 20. Rxe8+ Kxe8 21. Re1+ Kf7 22. Ne6 Bxc3 23. Ng5+ Kf8 24. bxc3 h6 25.
Ne6+ Bxe6 26. Rxe6 Kf7 27. h3 Nf6 28. Kd2 Ne4+ 29. Kd3 Nc5+ 30. Kd2 Nxe6 31. dxe6+ Kf6 32. g4 fxg4 33. hxg4 h5 34. gxh5 gxh5 35. Ke3 Rg8 36. Kf2 h4 37. e7 Re8 38. Kg2 Rxe7 39. Kh3 Kf5 40. Kxh4 Kxf4 41. Bd5 Rh7# 0-1

[Event "*** SCC Grand Prix: Titled Tuesday Blitz"]
[Site "Chess.com"]
[Date "2020.09.29"]
[Round "3"]
[White "Berardino"]
[Black "Hikaru"]
[Result "0-1"]
[WhiteElo "2711"]
[BlackElo "3246"]
[TimeControl "180+1"]
[EndTime "10:27:18 PDT"]
[Termination "Hikaru won on time"]

1. e4 d5 2. exd5 Qxd5 3. Nc3 Qa5 4. d4 Bf5 5. Nf3 c6 6. Bc4 e6 7. Bd2 Nf6 8. Nd5 Qd8 9. Nxf6+ gxf6 10. Qe2 Nd7 11. O-O-O Nb6 12. Bd3 Bg6 13. Kb1 Qd5 14. h4 O-O-O 15. Bc1 Rg8 16. g3 Bxd3 17. Rxd3 h5 18.
b3 Rg4 19. Re1 Bb4 20. c3 Be7 21. c4 Qf5 22. Qc2 Bb4 23. Re2 Nd7 24. Rde3 Qxc2+ 25. Kxc2 f5 26. Rd3 Bd6 27. Bg5 Re8 28. Nh2 Re4 29. Rxe4 fxe4 30. Re3 f5 31. Nf1 e5 32.
dxe5 Nxe5 33. Nd2 Kd7 34. Bf4 Ng4 35. Re2 Bxf4 36. gxf4 Nf6 37. Nf1 Rg8 38. Ng3 Ke6 39. Re3 Rg4 40. Ne2 c5 41. b4 cxb4 42. Nd4+ Kd7 43. Nxf5 Rxf4 44. Ng3 Rxh4 45. Kb3 Rf4 46. Kxb4 h4 47. Ne2 Rxf2 48. Nc3 Rf3 49. Re1 e3 50. Rh1 h3 51. Ne2 Rf2 0-1

[Event "*** SCC Grand Prix: Titled Tuesday Blitz"]
[Site "Chess.com"]
[Date "2020.09.29"]
[Round "3"]
[White "Margency"]
[Black "GM_Levan_Pantsulaia"]
[Result "0-1"]
[WhiteElo "2640"]
[BlackElo "2840"]
[TimeControl "180+1"]
[EndTime "10:27:18 PDT"]
[Termination "GM_Levan_Pantsulaia won by resignation"]

1. e4 c6 2. d4 d5 3. exd5 cxd5 4. c4 Nf6 5. Nc3 Nc6 6. Bg5 dxc4 7. Bxc4 e6 8. Nf3 h6 9. Be3 Bd6 10. O-O O-O 11. Qd2 Ne7 12. Rfe1 Ned5 13. Bxd5 Nxd5 14. Nxd5 exd5 15. Bf4 Bf5 16. Bxd6 Qxd6 17. Rac1 Rac8 18. Qa5 a6 19. h3 Be4 20. Ne5 h5 21. Qa3 Qh6 22. Rc5 Qd2 23. Qc3 Qxc3 24. Rxc3 Rxc3 25. bxc3 Rc8 26. Re3 Rc7 27. f3 Bb1 28. f4 Bxa2 29. Nf3 f6 30. Nh4 Bb1 31. f5 Be4 32. g4 a5 33. Re2 Rxc3 34. Rb2 Rxh3 35. Ng6 Rh1+ 0-1

[Event "*** SCC Grand Prix: Titled Tuesday Blitz"]
[Site "Chess.com"]
[Date "2020.09.29"]
[Round "3"]
[White "SRDR8290"]
[Black "Margarita2907"]
[Result "1-0"]
[WhiteElo "2469"]
[BlackElo "2192"]
[TimeControl "180+1"]
[EndTime "10:27:18 PDT"]
[Termination "SRDR8290 won by resignation"]

1. d4 d5 2. c4 e6 3. Nc3 Nf6 4.
Bg5 Be7 5. e3 h6 6. Bxf6 Bxf6 7.
cxd5 exd5 8. Bd3 O-O 9. Qc2 c6 10. Nf3 Re8 11. O-O Bg4 12. Nd2 Nd7 13. b4 Rc8 14. a4 Qe7 15. Rab1 a6 16. Rfc1 Qd6 17.
b5 axb5 18. axb5 c5 19. dxc5 Nxc5 20. Bf5 Bxf5 21. Qxf5 d4 22. Nce4 Qb6 23. Nxf6+ gxf6 24. exd4 Ne6 25. Ne4 Rxc1+ 26. Rxc1 Nxd4 27. Nxf6+ Kf8 28. Nd7+ Ke7 29. Re1+ Kd8 30. Rxe8+ Kxe8 31. Nf6+ Kd8 32. Qd5+ Ke7 33. Ne4 Qe6 34. Qxd4 Qa2 35. Qe5+ Kd7 36. g3 Qb1+ 37. Kg2 Qd3 38. Nc5+ 1-0

[Event "*** SCC Grand Prix: Titled Tuesday Blitz"]
[Site "Chess.com"]
[Date "2020.09.29"]
[Round "3"]
[White "WarEmblem"]
[Black "aloe_normansen"]
[Result "0-1"]
[WhiteElo "2104"]
[BlackElo "2350"]
[TimeControl "180+1"]
[EndTime "10:27:18 PDT"]
[Termination "aloe_normansen won on time"]

1. e4 c5 2. Nf3 d6 3. d4 cxd4 4. Nxd4 Nf6 5. Nc3 a6 6. f4 e6 7. Nf3 b5 8. a3 Bb7 9. Bd3 Nbd7 10. O-O Be7 11. Qe1 Rc8 12. Kh1 h5 13. Be3 h4 14.
Bd4 h3 15. g3 Qc7 16. Qe2 e5 17. Be3 exf4 18. Bxf4 Ne5 19. Nxe5 dxe5 20. Bg5 Qd6 21. Rad1 Qe6 22. Bxf6 Bxf6 23. Nd5 Bxd5 24. exd5 Qxd5+ 25. Be4 Qc5 26. c3 Rd8 27. Rxd8+ Kxd8 28. Rd1+ Ke7 29. Qd3 Qc7 30. Bf5 Qc6+ 0-1

[Event "*** SCC Grand Prix: Titled Tuesday Blitz"]
[Site "Chess.com"]
[Date "2020.09.29"]
[Round "3"]
[White "mishanick"]
[Black "seorobert1971"]
[Result "1/2-1/2"]
[WhiteElo "3001"]
[BlackElo "2715"]
[TimeControl "180+1"]
[EndTime "10:27:19 PDT"]
[Termination "Game drawn by repetition"]

1. d4 c6 2. c4 d5 3. Nf3 Nf6 4. Nc3 e6 5. Bg5 Nbd7 6. e3 Qa5 7. cxd5 Nxd5 8. Qd2 Bb4 9. Rc1 b6 10. Bd3 Ba6 11.
O-O Bxd3 12. Qxd3 Nxc3 13. bxc3 Bd6 14. c4 O-O 15. Rc2 Rfe8 16. Rd1 Qa3 17. Qe4 Rac8 18.
h4 Bf8 19. h5 h6 20. Bh4 Qd6 21. Ne5 Qc7 22. Bg3 Nxe5 23. Bxe5 Qd7 24. Qg4 Rcd8 25. Rcd2 Qe7 26. g3 Qg5 27. Qxg5 hxg5 28. g4 f6 29. Bg3 Bd6 30. Kg2 Bxg3 31. Kxg3 Kf7 32. Kf3 Rd7 33. a4 Red8 34. Ke4 c5 35. d5 exd5+ 36. Rxd5 Rxd5 37.
Rxd5 Re8+ 38. Kf5 Re7 39. e4 a5 40. f3 Rb7 41. e5 Re7 42. e6+ Rxe6 43. Rd7+ Re7 44.
Rxe7+ Kxe7 45. Kg6 Kf8 46. h6 gxh6 47. Kxf6 Ke8 48.
Ke5 Ke7 49. Kd5 Kd7 50. Ke5 Ke7 51. Kf5 Kf7 52. Ke5 Ke7 1/2-1/2

[Event "*** SCC Grand Prix: Titled Tuesday Blitz"]
[Site "Chess.com"]
[Date "2020.09.29"]
[Round "3"]
[White "vladislavkovalev"]
[Black "tsvet2005"]
[Result "1-0"]
[WhiteElo "2831"]
[BlackElo "2636"]
[TimeControl "180+1"]
[EndTime "10:27:19 PDT"]
[Termination "vladislavkovalev won by resignation"]

1. e4 c5 2. Be2 g6 3. d3 Bg7 4.
f4 d5 5. Nf3 dxe4 6. dxe4 Qxd1+ 7. Bxd1 Nc6 8. c3 e5 9. Na3 Be6 10. Ba4 exf4 11. Bxf4 a6 12. Bxc6+ bxc6 13. Ng5 Ke7 14.
Nxe6 fxe6 15. O-O-O Rd8 16. Rxd8 Kxd8 17. Rd1+ Kc8 18.
Nc4 Bh6 19. Bxh6 Nxh6 20. Rd6 Rf8 21. Rxc6+ Kb7 22. Rxe6 Rf1+ 23. Kc2 Rf2+ 24. Kb3 Rxg2 25. Re7+ Kc6 26. Rxh7 Ng4 27. Ra7 Nxh2 28. Rxa6+ Kc7 29. a4 Nf3 30. a5 g5 31. Rg6 g4 32. Rg7+ Kc6 33. a6 Rh2 34. Rg6+ Kc7 35. Rxg4 Rh6 36. Rg7+ Kc6 37. a7 Rh8 38. Na5+ Kb5 39. Rb7+ Kxa5 40. Rb8 1-0

[Event "*** SCC Grand Prix: Titled Tuesday Blitz"]
[Site "Chess.com"]
[Date "2020.09.29"]
[Round "3"]
[White "stanyga"]
[Black "freshfoodcompany"]
[Result "1-0"]
[WhiteElo "2606"]
[BlackElo "2392"]
[TimeControl "180+1"]
[EndTime "10:27:19 PDT"]
[Termination "stanyga won by resignation"]

1. e4 c6 2. d4 d5 3. e5 Bf5 4.
Nf3 e6 5. Be2 c5 6. Be3 Qb6 7.
Qc1 Nc6 8. c3 cxd4 9. Nxd4 Nxd4 10. Bxd4 Bc5 11. Bxc5 Qxc5 12. Nd2 Ne7 13. Nb3 Qc7 14. Qe3 O-O 15. O-O Be4 16. Nd4 Nf5 17. Nxf5 Bxf5 18. Rad1 Rfd8 19. Rd4 Rac8 20. h4 Be4 21.
Rfd1 h6 22. f3 Bg6 23. Kf2 Qb6 24. R4d2 Qxe3+ 25. Kxe3 Rc7 26. g4 Rdc8 27. h5 Bh7 28. Rd4 f6 29. f4 fxe5 30. fxe5 Be4 31. Rg1 Rf7 32. g5 hxg5 33. Rxg5 Rf5 34. Rxf5 Bxf5 35.
c4 dxc4 36. Bxc4 Rc5 37. Kf4 Rc7 38. b3 Kh7 39. Rd6 Re7 40. Kg5 a6 41. a4 Bh3 42.
Bd3+ Bf5 43. Bxf5+ exf5 44. Kxf5 Rc7 45. e6 Rc5+ 46.
Ke4 Rxh5 47. e7 Rh1 48. Re6 Re1+ 49. Kd5 Rd1+ 50. Kc5 Rc1+ 51. Kb6 Rc8 52. e8=Q Rxe8 53. Rxe8 g5 54. Kxb7 g4 55. Kxa6 g3 56. Re3 g2 57.
Rg3 g1=Q 58. Rxg1 1-0

[Event "*** SCC Grand Prix: Titled Tuesday Blitz"]
[Site "Chess.com"]
[Date "2020.09.29"]
[Round "3"]
[White "Leo_C"]
[Black "Sadykov_Ramil"]
[Result "0-1"]
[WhiteElo "2272"]
[BlackElo "2516"]
[TimeControl "180+1"]
[EndTime "10:27:20 PDT"]
[Termination "Sadykov_Ramil won by resignation"]

1. d4 Nf6 2. c4 g6 3. f3 d5 4.
cxd5 Nxd5 5. e4 Nb6 6. Nc3 Bg7 7. Be3 O-O 8. Qd2 Nc6 9. O-O-O Na5 10. b3 Nc6 11. h4 a5 12. d5 Nb4 13. Kb1 f5 14. Nge2 fxe4 15. fxe4 Bg4 16. Rc1 a4 17. Nxa4 Nxa4 18. Qxb4 Rxf1 19. Rhxf1 Bxe2 20. bxa4 Bd3+ 21. Rc2 Bxf1 22. Qb3 Kh8 23. Rf2 Ba6 24. Bc5 e6 25.
Rf7 Qxh4 26. Rxg7 Qe1+ 27. Kc2 Qxe4+ 28. Kd1 Kxg7 29. Qc3+ e5 0-1

[Event "*** SCC Grand Prix: Titled Tuesday Blitz"]
[Site "Chess.com"]
[Date "2020.09.29"]
[Round "3"]
[White "atalz0"]
[Black "Shivagami"]
[Result "0-1"]
[WhiteElo "2382"]
[BlackElo "2209"]
[TimeControl "180+1"]
[EndTime "10:27:20 PDT"]
[Termination "Shivagami won on time"]

1. d4 Nf6 2. c4 c5 3. d5 e6 4.
Nc3 exd5 5. cxd5 d6 6. e4 g6 7.
h3 Bg7 8. Nf3 a6 9. a4 O-O 10.
Bd3 Nbd7 11. O-O Rb8 12. Bf4 Ne8 13. Re1 Qc7 14. Rc1 c4 15. Nb1 b5 16. b3 c3 17.
e5 dxe5 18. Rxc3 Qd6 19. Bh2 Qxd5 20. axb5 axb5 21. Be4 Qe6 22. Bd5 Qe7 23. Rce3 Nc7 24. Nxe5 Nxe5 25. Bxe5 Bxe5 26. Rxe5 Qb4 27. Bf3 Be6 28.
Qc2 Rfc8 29. Qd2 Qxb3 30. Nc3 Rd8 31. Qe3 Ne8 32. Ne4 Qxe3 33. Rxe3 b4 34. Re2 b3 35. Rb2 Rdc8 36. Rc5 f5 37. Rxc8 Rxc8 38. Nd2 Rc2 0-1

[Event "*** SCC Grand Prix: Titled Tuesday Blitz"]
[Site "Chess.com"]
[Date "2020.09.29"]
[Round "3"]
[White "BillieKimbah"]
[Black "Karacsonyi_Gellert"]
[Result "1-0"]
[WhiteElo "2921"]
[BlackElo "2680"]
[TimeControl "180+1"]
[EndTime "10:27:21 PDT"]
[Termination "BillieKimbah won by resignation"]

1. Nf3 Nf6 2. e3 d5 3. c4 e6 4.
Nc3 a6 5. b3 Be7 6. Bb2 O-O 7. d4 b6 8. cxd5 exd5 9. Bd3 Bb7 10. O-O c5 11. Ne2 Nc6 12. Rc1 Rc8 13. dxc5 bxc5 14. Bxf6 Bxf6 15. Rxc5 Ne5 16. Rxc8 Nxf3+ 17. gxf3 Bxc8 18. Qc2 h6 19. Rd1 Bh4 20. Ng3 Qf6 21.
Kg2 Bb7 22. Qc7 Ba8 23. Nf5 Qg5+ 24. Kf1 g6 25. Nxh4 Qxh4 26. Qg3 Qf6 27. Qf4 Qxf4 28. exf4 Bb7 29. Rc1 Rc8 30. Rxc8+ Bxc8 31. Ke2 Kf8 32. Ke3 Ke7 33. Kd4 Kd6 34. b4 Bb7 35. a4 Bc8 36.
a5 Bb7 37. b5 axb5 38. Bxb5 f6 39. h4 g5 40. fxg5 fxg5 41. h5 Ba8 42. a6 Kc7 43.
Kc5 d4 44. Kxd4 Bxf3 45. Kc5 Bxh5 46. Bc6 Be8 47. Bxe8 h5 48. Bc6 1-0

[Event "*** SCC Grand Prix: Titled Tuesday Blitz"]
[Site "Chess.com"]
[Date "2020.09.29"]
[Round "3"]
[White "Oligan22"]
[Black "fighter2jz"]
[Result "0-1"]
[WhiteElo "2406"]
[BlackElo "2650"]
[TimeControl "180+1"]
[EndTime "10:27:21 PDT"]
[Termination "fighter2jz won by resignation"]

1. e4 c5 2. Nf3 d6 3. d4 cxd4 4. Nxd4 Nf6 5. Nc3 a6 6. Be3 e5 7.
Nf3 h6 8. h3 Be7 9. Bc4 O-O 10.
a4 Be6 11. Qe2 Qc7 12. Bxe6 fxe6 13. a5 Qc6 14. Bd2 Nbd7 15. O-O Rae8 16. Rfd1 Bd8 17. Nh4 Rf7 18. Be1 Nc5 19. g3 Nfxe4 20. Nxe4 Nxe4 21.
Ra3 Bxh4 22. gxh4 Ref8 23. Re3 Nf6 24. Red3 Nd5 25. Qg4 Rf6 26. c4 Nf4 27. Rxd6 Qe4 28. h5 Rf5 29. h4 Ne2+ 30. Kf1 Qxg4 0-1

[Event "*** SCC Grand Prix: Titled Tuesday Blitz"]
[Site "Chess.com"]
[Date "2020.09.29"]
[Round "3"]
[White "MisiekZielony"]
[Black "ErikRonka"]
[Result "0-1"]
[WhiteElo "2237"]
[BlackElo "2480"]
[TimeControl "180+1"]
[EndTime "10:27:21 PDT"]
[Termination "ErikRonka won on time"]

1. c4 c6 2. Nc3 d5 3. cxd5 cxd5 4.
d4 Nf6 5. Nf3 Nc6 6. Bf4 Bf5 7. e3 e6 8. Bb5 Nd7 9. Qa4 Rc8 10. O-O a6 11. Bxc6 Rxc6 12. Rfc1 Be7 13. Ne5 Nxe5 14. Bxe5 O-O 15. Qd1 b5 16. Ne2 Rc4 17. b3 Rxc1 18. Qxc1 Qd7 19. Qb2 Rc8 20. Rc1 Bd3 21. Nf4 Bf5 22. Ne2 h6 23. f3 g5 24. Kf2 Bd3 25. Rc3 Bg6 26. Qc1 Rxc3 27. Qxc3 Bb1 28. Qb2 Bf5 29. Qc3 Bf8 30. Bc7 b4 0-1

[Event "*** SCC Grand Prix: Titled Tuesday Blitz"]
[Site "Chess.com"]
[Date "2020.09.29"]
[Round "3"]
[White "Gusarov91"]
[Black "A-S-00"]
[Result "1-0"]
[WhiteElo "2595"]
[BlackElo "2250"]
[TimeControl "180+1"]
[EndTime "10:27:22 PDT"]
[Termination "Gusarov91 won on time"]

1. d4 d5 2. Nf3 Nf6 3. c4 c6 4. Nc3 a6 5. a4 g6 6. Bf4 dxc4 7. e3 Nd5 8. Bxb8 Rxb8 9. Bxc4 Bg7 10. Nxd5 cxd5 11.
Bd3 O-O 12. O-O Bg4 13. h3 Bxf3 14. Qxf3 e5 15. dxe5 Bxe5 16. Rfd1 Bxb2 17. Rab1 Qf6 18. Qxd5 Rfd8 19. Qb3 Be5 20. Be4 Bc7 21. Bxb7 Qe5 22. g3 Qf5 23. Rxd8+ Rxd8 24. Kg2 Rd2 25. Bf3 Bxg3 26. Kxg3 Qg5+ 27. Bg4 h5 28. Qb8+ Kh7 29. Qf8 Qe5+ 30. Kg2 Qe4+ 31. Bf3 Qxb1 32. Qxf7+ Kh8 33.
Qe8+ Kg7 34. Be4 Qb6 35. Qe7+ Kg8 36. Qe8+ Kg7 37. a5 Qf6 38. Bf3 h4 39. Qa8 Qe6 40.
Qa7+ Qf7 41. Qxa6 Rd7 42. Qc6 Rc7 43. Qe4 Ra7 44. Qd4+ 1-0

[Event "*** SCC Grand Prix: Titled Tuesday Blitz"]
[Site "Chess.com"]
[Date "2020.09.29"]
[Round "3"]
[White "szefru"]
[Black "dosto07"]
[Result "1-0"]
[WhiteElo "2159"]
[BlackElo "2307"]
[TimeControl "180+1"]
[EndTime "10:27:23 PDT"]
[Termination "szefru won by resignation"]

1. e4 e5 2. Nf3 Nc6 3. Bb5 a6 4.
Ba4 Nf6 5. Qe2 b5 6. Bb3 Be7 7. O-O O-O 8. c3 d5 9. exd5 Nxd5 10. Qe4 Be6 11. Nxe5 Nxe5 12. Qxe5 Bf6 13. Qg3 c5 14. d3 Re8 15. Nd2 Qd7 16. Ne4 Be7 17. Bh6 g6 18. Bg5 f5 19. Bxe7 Qxe7 20. Ng5 Nc7 21. Nxe6 Nxe6 22. Rfe1 c4 23. dxc4 f4 24. Qg4 Kg7 25. cxb5 axb5 26. Rxe6 Qc5 27. Qxf4 Rxe6 28.
Bxe6 Rf8 29. Qd4+ Qxd4 30. cxd4 Kf6 31. d5 Ra8 32. g3 b4 33. a3 b3 34. Rc1 h5 35.
Rc3 Rb8 36. f4 Ke7 37. Kf2 Kd6 38. Ke3 Rh8 39. Rxb3 h4 40. Rb6+ Kc5 41. Rc6+ Kb5 42.
Rc8 Rh7 43. d6 hxg3 44. hxg3 1-0

[Event "*** SCC Grand Prix: Titled Tuesday Blitz"]
[Site "Chess.com"]
[Date "2020.09.29"]
[Round "3"]
[White "Sergienko_Sergey"]
[Black "mr65"]
[Result "1-0"]
[WhiteElo "2372"]
[BlackElo "2152"]
[TimeControl "180+1"]
[EndTime "10:27:23 PDT"]
[Termination "Sergienko_Sergey won by resignation"]

1. e4 e5 2. Nf3 Nc6 3. Bb5 a6 4. Ba4 Nf6 5. Bxc6 dxc6 6. d3 Nd7 7. Nbd2 Be7 8. Nc4 f6 9. O-O O-O 10. Nh4 Nc5 11. Nf5 Bxf5 12. exf5 e4 13. d4 Na4 14. c3 Nb6 15. Ne3 Nd5 16. Qg4 Nxe3 17. Bxe3 Qd5 18. b3 b5 19. Rac1 Bd6 20. c4 bxc4 21. bxc4 Qa5 22. Qxe4 c5 23. dxc5 Be5 24. f4 Bc3 25. Rfd1 Rfe8 26. Qd5+ Kh8 27. Bf2 h6 28. c6 Rab8 29. Qxa5 Bxa5 30. Rb1 Rbd8 31. Kf1 Rd2 32.
Rxd2 Bxd2 33. g3 Ba5 34. c5 Rd8 35. Be1 Bxe1 36. Rxe1 Rd5 37. Re7 Rxc5 38. Rxc7 Rc1+ 39. Ke2 Rc2+ 40. Kd3 Rxa2 41. Ra7 Ra3+ 42. Kd4 Ra4+ 43. Kd5 Ra5+ 44. Kd6 1-0

[Event "*** SCC Grand Prix: Titled Tuesday Blitz"]
[Site "Chess.com"]
[Date "2020.09.29"]
[Round "3"]
[White "Salem-AR"]
[Black "vovachesss"]
[Result "1-0"]
[WhiteElo "2925"]
[BlackElo "2683"]
[TimeControl "180+1"]
[EndTime "10:27:24 PDT"]
[Termination "Salem-AR won by checkmate"]

1. d4 Nf6 2. c4 c6 3. Nf3 d5 4. Nc3 dxc4 5. e4 b5 6. Be2 Bg4 7. h3 Bh5 8. e5 Nd5 9. e6 f6 10.
O-O Na6 11. Ne4 Nac7 12. Nc5 Qd6 13. Nh4 Bxe2 14. Qxe2 g6 15. Nf5 Qd8 16. a4 Qc8 17. Nh4 Bg7 18. Ra3 O-O 19. Rg3 f5 20. Re1 Na6 21. Nd7 Nab4 22. Nxg6 hxg6 23. Rxg6 Qe8 24. Qh5 Nf6 25. Qh6 Qxg6 26. Qxg6 Nd3 27. Bh6 Ne8 28. Re3 f4 29. Rf3 b4 30. h4 c5 31.
Nxf8 cxd4 32. Qh7+ Kxf8 33. Qh8# 1-0

[Event "*** SCC Grand Prix: Titled Tuesday Blitz"]
[Site "Chess.com"]
[Date "2020.09.29"]
[Round "3"]
[White "tigra"]
[Black "killer311"]
[Result "1-0"]
[WhiteElo "2823"]
[BlackElo "2440"]
[TimeControl "180+1"]
[EndTime "10:27:24 PDT"]
[Termination "tigra won by resignation"]

1. d4 c6 2. Nc3 d5 3. e4 dxe4 4.
Nxe4 Bf5 5. Ng3 Bg6 6. N3e2 e6 7. Nf4 Nf6 8. Nf3 Bd6 9. Nxg6 hxg6 10. g3 Qc7 11. Bg2 Nbd7 12. O-O O-O 13. c4 Rfe8 14. c5 Bf8 15. Bf4 Qd8 16. Ne5 Nd5 17. Bxd5 exd5 18. Re1 Nxe5 19. Bxe5 Qd7 20. Qf3 Qf5 21.
Qb3 Re7 22. Bd6 Rxe1+ 23. Rxe1 Bxd6 24. cxd6 Qd7 25. Re7 Qxd6 26. Qxb7 Rf8 27. Qxa7 Qf6 28. a4 g5 29. a5 g4 30. a6 Qf3 31. Re1 Kh7 32.
Qb7 Re8 33. Rxe8 Qd1+ 34. Kg2 Qf3+ 35. Kf1 Qh1+ 36. Ke2 Qf3+ 37. Kd2 Qxf2+ 38. Kc3 Qf3+ 39. Kb4 Qf1 40. Kc5 Qc4+ 41. Kd6 Qxd4 42. Qc8 Qf6+ 43.
Kd7 Qf5+ 44. Kc7 Qf6 45. a7 c5 46. a8=Q d4 47. Rh8+ Kg6 48. Qxg4+ 1-0

[Event "*** SCC Grand Prix: Titled Tuesday Blitz"]
[Site "Chess.com"]
[Date "2020.09.29"]
[Round "3"]
[White "chesslh19"]
[Black "Kislov_Oleg"]
[Result "0-1"]
[WhiteElo "2197"]
[BlackElo "2356"]
[TimeControl "180+1"]
[EndTime "10:27:24 PDT"]
[Termination "Kislov_Oleg won by checkmate"]

1. e4 c5 2. Nf3 Nc6 3. d4 cxd4 4.
Nxd4 e5 5. Nb5 d6 6. N1c3 a6 7.
Na3 b5 8. Nd5 Nge7 9. c4 Nd4 10.
Be3 Nxd5 11. exd5 Nf5 12. Bd3 Nxe3 13. fxe3 e4 14. Be2 Qg5 15. Kf2 Qf6+ 16. Kg1 Qxb2 17. Nc2 Be7 18. cxb5 O-O 19. bxa6 Bxa6 20. Bxa6 Rxa6 21.
Nd4 Bg5 22. h4 Bxe3+ 23. Kh2 Bxd4 24. Rb1 Be5+ 25. Kg1 Qc3 26. Rh3 Qd4+ 27. Kh1 Qxd1+ 28. Rxd1 Rxa2 29. Re3 f5 30. g4 g6 31. h5 Ra4 32.
hxg6 hxg6 33. gxf5 gxf5 34. Rg1+ Kf7 35. Rh3 Rg8 36.
Rh7+ Rg7 37. Rhxg7+ Bxg7 38. Kg2 Kf6 39. Rh1 Ke5 40.
Rh7 Bf6 41. Rf7 f4 42. Kf2 Ra2+ 43. Ke1 e3 44. Rf8 f3 45. Kd1 e2+ 46. Ke1 Bh4# 0-1

[Event "*** SCC Grand Prix: Titled Tuesday Blitz"]
[Site "Chess.com"]
[Date "2020.09.29"]
[Round "3"]
[White "The_Machine04"]
[Black "IvanSoriano1"]
[Result "1-0"]
[WhiteElo "2291"]
[BlackElo "2490"]
[TimeControl "180+1"]
[EndTime "10:27:24 PDT"]
[Termination "The_Machine04 won by checkmate"]

1. d4 Nf6 2. Bg5 Ne4 3. Bf4 c5 4. f3 Nf6 5. dxc5 Qa5+ 6. Nc3 Qxc5 7. e4 d6 8. Qd2 g6 9. O-O-O Bg7 10. g4 O-O 11.
Bh6 Bd7 12. h4 b5 13. h5 b4 14. Nd5 Nxd5 15. exd5 Ba4 16. Bxg7 Rc8 17. b3 Kxg7 18.
hxg6 h5 19. gxh5 fxg6 20. hxg6 Nd7 21. Qh6+ Kf6 22. Qh4+ Kg7 23. Qh7+ Kf6 24. Qf7+ Ke5 25. f4+ Ke4 26. Bd3+ Ke3 27. Rh3+ Kf2 28. Rf3+ Kg2 29. Bf1+ Kxg1 30. Bd3+ Kg2 31. Rdf1 Nf6 32. Qe6 Qxc2+ 33.
Bxc2 Bb5 34. Kd1 Rc5 35. Qh3# 1-0

[Event "*** SCC Grand Prix: Titled Tuesday Blitz"]
[Site "Chess.com"]
[Date "2020.09.29"]
[Round "3"]
[White "abykhovsky"]
[Black "mr_gustavo"]
[Result "1-0"]
[WhiteElo "2733"]
[BlackElo "2337"]
[TimeControl "180+1"]
[EndTime "10:27:25 PDT"]
[Termination "abykhovsky won on time"]

1. d4 Nf6 2. Nf3 g6 3. c4 Bg7 4. Nc3 O-O 5. Bg5 d6 6. e3 Nbd7 7. Be2 c6 8. O-O Qc7 9. Qc2 e5 10. b4 h6 11. Bh4 g5 12. Bg3 Re8 13. Rfd1 Nh5 14. dxe5 dxe5 15. Ne4 Nxg3 16. hxg3 Bf8 17. c5 Kg7 18. g4 Be7 19. Nfd2 Nf6 20.
Nxf6 Bxf6 21. Ne4 Be7 22. Ng3 Rh8 23. Qe4 Be6 24. Bc4 Bxc4 25. Nf5+ Kf8 26. Qxc4 Rd8 27. Qe4 Bf6 28. Rab1 b6 29. Rdc1 b5 30. Rd1 Ke8 31. Qf3 Kf8 32. Rxd8+ Qxd8 33. Rd1 Qc7 34. Rd6 Be7 35. Rxc6 1-0